 Dungeon Crawl Stone Soup version 0.30-a0-883-g5ad918d77d (webtiles) character file.

Game seed: 13019447489186701754

1680 xSliceyx the Fighter (level 9, 0/79 HPs)
             Began as a Formicid Fighter on Mar 16, 2023.
             Was an Initiate of Hepliaklqana.
             Slain by a two-headed ogre
             ... wielding a +0 giant spiked club
              (9 damage)
             ... on level 5 of the Dungeon.
             The game lasted 00:19:18 (5309 turns).

xSliceyx the Fighter (Formicid Fighter)             Turns: 5309, Time: 00:19:19

Health: 0/79       AC: 12    Str: 27    XL:     9   Next: 21%
Magic:  9/9        EV: 10    Int:  9    God:    Hepliaklqana [......]
Gold:   203        SH:  6    Dex: 19    Spells: 8/8 levels left

rFire   . . .      SeeInvis +    b - +1 whip (venom)
rCold   . . .      Faith    .    c - +0 buckler
rNeg    . . .      Spirit   .    t - +2 ring mail of Feral Music {Str+3 Stlth+}
rPois   .          Reflect  .    (helmet unavailable)
rElec   .          Rampage  .    w - +0 cloak
rCorr   .                        A - +1 pair of gloves
Will    .....                    (no boots)
Stlth   ++                       (no amulet)
HPRegen 0.33/turn                p - +6 ring of dexterity
MPRegen 0.11/turn                (no ring)

@: no status effects
A: permanent stasis, dig shafts and tunnels, antennae 3, four strong arms
a: Dig, Shaft Self, Renounce Religion


You were on level 5 of the Dungeon.
You worshipped Hepliaklqana.
Hepliaklqana was noncommittal.
You visited 2 branches of the dungeon, and saw 6 of its levels.

You collected 203 gold pieces.

Inventory:

Hand Weapons
 a - a +0 trident
 b - a +1 whip of venom (weapon)
 d - a +0 whip of electrocution
Missiles
 i - 5 poisoned darts (quivered)
Armour
 c - a +0 buckler (worn)
 t - the +2 ring mail of Feral Music (worn) {Str+3 Stlth+}
   (You found it on level 3 of the Dungeon)

   Str:       It affects your strength (+3).
   Stlth:     It makes you more stealthy.
 w - a +0 cloak (worn)
 A - a +1 pair of gloves (worn)
Jewellery
 p - a +6 ring of dexterity (left hand)
 v - an amulet of faith
 x - an amulet of regeneration
Scrolls
 g - a scroll of acquirement {unknown}
 h - 2 scrolls of noise {unknown}
 j - 2 scrolls of fear {unknown}
 m - 4 scrolls of identify {unknown}
 q - a scroll of silence {unknown}
 r - a scroll of vulnerability {unknown}
 u - a scroll of magic mapping {unknown}
 y - 2 scrolls of enchant armour {unknown}
Potions
 e - a potion of degeneration {unknown}
 f - 2 potions of resistance {unknown}
 k - 2 potions of attraction {unknown}
 l - 2 potions of haste {unknown}
 n - 2 potions of lignification {unknown}
 o - 5 potions of heal wounds {unknown}
 s - 2 potions of flight {unknown}
 z - a potion of magic {unknown}


   Skills:
 + Level 10.8 Fighting
 - Level 2.0 Polearms
 - Level 7.0 Armour
 - Level 5.0 Shields


You had 8 spell levels left.
You didn't know any spells.
Your spell library contained the following spells:

 Spells                   Type           Power      Damage    Failure   Level
 Lesser Beckoning         Tloc           0%         N/A       71%         2
 Sublimation of Blood     Necr           0%         N/A       71%         2
 Gell's Gravitas          Tloc           0%         N/A       91%         3
 Inner Flame              Hex/Fire       0%         N/A       91%         3
 Teleport Other           Tloc           0%         N/A       91%         3
 Cause Fear               Hex            0%         N/A       100%        4
 Petrify                  Tmut/Erth      0%         N/A       100%        4
 Irradiate                Conj/Tmut      0%         3d11      100%        5
 Discord                  Hex            0%         N/A       100%        8


Dungeon Overview and Level Annotations

Branches:
Dungeon (5/15)             Temple (1/1) D:5

Altars:
Cheibriados
Dithmenos
Hepliaklqana
Kikubaaqudgha
Makhleb
Trog
Vehumet
Wu Jian
Xom
Yredelemnul
Zin
The Shining One

Shops:
D:3 (


Innate Abilities, Weirdness & Mutations

You cannot be hasted, slowed, berserked, paralysed or teleported.
You can dig through walls and to a lower floor.
You have a pair of large antennae on your head. (SInv)
Your four strong arms can wield two-handed weapons with a shield.


Message History

Throw: 8 darts (poison)
Press: ? - help, Q - select action, (/) - cycle Shift-Dir - straight line, f/p - two-headed ogre
Aim: a two-headed ogre, wielding a +0 giant spiked club and a +0 giant club (very poisoned, 79% to hit)
You throw a poisoned dart.
The poisoned dart hits the two-headed ogre.
Throw: 7 darts (poison)
Press: ? - help, Q - select action, (/) - cycle Shift-Dir - straight line, f/p - two-headed ogre
Aim: a two-headed ogre, wielding a +0 giant spiked club and a +0 giant club (very poisoned, 79% to hit)
You throw a poisoned dart.
The poisoned dart hits the two-headed ogre.
The two-headed ogre looks as sick as possible!
You barely miss the two-headed ogre.
The two-headed ogre is lightly wounded.
The two-headed ogre hits you with a +0 giant spiked club.
The two-headed ogre hits you with a +0 giant club!
Unknown command.
You hit the two-headed ogre.
The two-headed ogre looks as sick as possible!
The two-headed ogre is moderately wounded.
The two-headed ogre hits you with a +0 giant spiked club!
The two-headed ogre barely misses you.
Unknown command.
There is an open door here.
Throw: 6 darts (poison)
Press: ? - help, Q - select action, (/) - cycle Shift-Dir - straight line, f/p - two-headed ogre
Aim: a two-headed ogre, wielding a +0 giant spiked club and a +0 giant club (severely wounded, very poisoned, 79% to hit)
You throw a poisoned dart.
The poisoned dart hits the two-headed ogre.
The two-headed ogre is severely wounded.
You hit the two-headed ogre.
The two-headed ogre is severely wounded.
The two-headed ogre hits you with a +0 giant spiked club!!
* * * LOW HITPOINT WARNING * * *
The two-headed ogre hits you with a +0 giant club!
* * * LOW HITPOINT WARNING * * *
Unknown command.
The two-headed ogre attacks as you move away!
The two-headed ogre hits you but does no damage.
The two-headed ogre hits you with a +0 giant club!
You die...

#####.######.###.......#.#
#........# #..##.#.###.#.#
#.###.##.###...#.#.###.#.# ##.#
#.##.......<.#.......# #..#
#.######...#######.### #.##
#.######..## ##...## #.#
#.........# #.###.#
#.############.# #.# #.#
#.......# ##@## #.###.#
##..####.# ##.O.## ##....#####
##.#.####.# ##..(..##
####......
#.###..##.###.......##
##..#####
##.#.<..#.##.........####...###
#
...........'.........'........#
#
####....#.##.........####...#.#
# #.......##.......## ##..#.# #
######.....###.(..>## ##.#.###


You could see a two-headed ogre (very poisoned).

Vanquished Creatures
  Pikel (D:3)
  Grinder (D:3)
  Sigmund (D:4)
  An orc warrior (D:3)
  A black bear (D:5)
  An ogre (D:5)
  2 scorpions (D:5)
  A jelly (D:4)
  A hound (D:5)
  An orc priest (D:5)
  A gnoll bouda (D:4)
  2 iguanas (D:5)
  2 orc wizards (D:4)
  7 gnolls
  8 adders
  A white imp (D:5)
  2 ufetubi (D:5)
  2 worms
  A dart slug (D:4)
  10 orcs
  7 bats
  4 endoplasms
  A giant cockroach (D:2)
  8 goblins
  7 hobgoblins
  4 jackals (D:2)
  3 quokkas
  8 ball pythons
  2 frilled lizards
  6 kobolds
  3 rats (D:1)
100 creatures vanquished.

Notes
Turn   | Place    | Note
-------+----------+-------------------------------------------
     0 | D:1      | xSliceyx the Formicid Fighter began the quest for the Orb.
     0 | D:1      | Reached XP level 1. HP: 18/18 MP: 1/1
   316 | D:1      | Reached XP level 2. HP: 24/24 MP: 2/2
   316 | D:1      | Found a faded altar of an unknown god.
   523 | D:1      | Reached skill level 5 in Shields
   683 | D:2      | Reached XP level 3. HP: 23/29 MP: 3/3
  1155 | D:2      | Reached XP level 4. HP: 27/35 MP: 4/4
  1446 | D:3      | Found Symymoet's Weapon Emporium.
  1813 | D:3      | Identified the +2 ring mail of Feral Music {Str+3 Stlth+}
  1879 | D:3      | Reached skill level 5 in Armour
  2242 | D:4      | Noticed an orc warrior
  2246 | D:4      | Reached XP level 5. HP: 41/41 MP: 5/5
  2246 | D:4      | Noticed Grinder
  2257 | D:3      | Killed an orc warrior
  2258 | D:3      | Reached XP level 6. HP: 13/47 MP: 6/6
  2506 | D:4      | Noticed Pikel
  2520 | D:3      | Killed Pikel
  2521 | D:3      | Reached skill level 6 in Fighting
  2521 | D:3      | Reached XP level 7. HP: 27/59 MP: 7/7
  2892 | D:3      | Killed Grinder
  2893 | D:3      | Reached skill level 7 in Fighting
  2893 | D:3      | Reached XP level 8. HP: 61/68 MP: 8/8
  2965 | D:4      | Reached skill level 8 in Fighting
  3399 | D:4      | Found an ornate altar of the Wu Jian Council.
  3401 | D:4      | Noticed Sigmund
  3411 | D:4      | Killed Sigmund
  3412 | D:4      | Reached skill level 9 in Fighting
  3828 | D:5      | Entered Level 5 of the Dungeon
  4008 | D:5      | Found a staircase to the Ecumenical Temple.
  4084 | Temple   | Entered the Ecumenical Temple
  4092 | Temple   | Became a worshipper of Hepliaklqana the Forgotten
  4114 | D:5      | Found a snail-covered altar of Cheibriados.
  4188 | D:5      | Reached skill level 10 in Fighting
  4188 | D:5      | Reached XP level 9. HP: 63/78 MP: 9/9
  4329 | D:5      | Noticed a two-headed ogre
  5309 | D:5      | Slain by a two-headed ogre

Illustrated notes

Levels and vault maps discovered:
D:1:      ebering_trefoil_twist, layout_loops_ring,
          shapermc_ecumenical_altar_pompeii
D:2:      layout_loops_ring
D:3:      layout_loops_ring, serial_shops, nicolae_shop_hallway_stairs
D:4:      layout_loops_ring, nzn_wu_jian_council_hall, uniq_grinder, uniq_pikel,
          uniq_sigmund
D:5:      corexii_shack_village, layout_loops_corners,
          mainiacjoe_overflow_concentric_impassable, minmay_temple_entry_wispy
Temple:   eino_temple_lava

Skill      XL: |  1  2  3  4  5  6  7  8 |
---------------+-------------------------+-----
Shields        | 5 |  5.0
Armour         | 4 5 6 7 |  7.0
Fighting       | 6 7 10 | 10.8
Polearms       | |  2.0

Action                     |  1- 3 |  4- 6 |  7- 9 || total
---------------------------+-------+-------+-------++-------
  Melee: Trident           |   126 |    81 |     5 ||   212
         Whip              |       |       |   170 ||   170
  Throw: Dart              |       |     1 |    11 ||    12
Ability: Dig               |     1 |     1 |       ||     2
    Use: Potion            |       |     2 |       ||     2
   Stab: Sleeping          |       |       |     6 ||     6
 Armour: Scale mail        |    30 |    15 |       ||    45
         Ring mail         |       |     7 |    51 ||    58
  Dodge: Dodged            |    54 |    26 |    74 ||   154
  Block: Buckler           |    32 |    29 |    45 ||   106

Table legend: (Time is in decaauts)
 A = Elapsed time spent in this place.
 B = Non-inter-level travel time spent in this place.
 C = Inter-level travel time spent in this place.
 D = Time resting spent in this place.
 E = Time spent auto-exploring this place.
 F = Levels seen in this place.
 G = Mean time per level.
                   A        B        C        D        E       F      G
               +--------+--------+--------+--------+--------+-----+--------+
         Total |   5384 |   4765 |    619 |    680 |   3094 |   6 |  897.3 |
       Dungeon |   5368 |   4749 |    619 |    680 |   3094 |   5 | 1073.6 |
        Temple |     16 |     16 |      0 |      0 |      0 |   1 |   16.0 |
               +--------+--------+--------+--------+--------+-----+--------+

Top non-repeatable levels by time:
     D:3: 1409 daAuts
     D:5: 1368 daAuts
     D:4: 1019 daAuts
     D:2: 921 daAuts
     D:1: 649 daAuts
  Temple: 16 daAuts
